 Dungeon Crawl Stone Soup version 0.30-a0-385-gfebfb9b408 (webtiles) character file.

Game seed: 4965963721013455828

161 lunkers the Slasher (level 6, -5/51 HPs)
             Began as a Meteoran Fighter on Dec 2, 2022.
             Was a Believer of Dithmenos.
             Slain by Grinder (9 damage)
             ... on level 3 of the Dungeon.
             The game lasted 00:03:00 (1496 turns).

lunkers the Slasher (Meteoran Fighter)              Turns: 1496, Time: 00:03:01

Health: -5/51      AC:  6    Str: 19    XL:     6   Next: 2%
Magic:  7/7        EV:  9    Int:  9    God:    Dithmenos [**....]
Gold:   122        SH:  5    Dex: 15    Spells: 5/5 levels left

rFire   . . .      SeeInvis .    a - +0 long sword
rCold   . . .      Faith    .    c - +0 buckler
rNeg    . . .      Spirit   .    b - +0 scale mail
rPois   .          Reflect  .    (no helmet)
rElec   .          Harm     .    (no cloak)
rCorr   .          Rampage  .    (no gloves)
Will    .....                    (no boots)
Stlth   ..........               (no amulet)
HPRegen 0.28/turn                (no ring)
MPRegen 0.10/turn                (no ring)

@: mighty, glowing
A: sense surroundings 1, otherworldly, glowing, explore regen
a: Renounce Religion, Shadow Step


You were on level 3 of the Dungeon.
You worshipped Dithmenos.
Dithmenos was pleased with you.
You visited 1 branch of the dungeon, and saw 3 of its levels.

You collected 122 gold pieces.

Inventory:

Hand Weapons
 a - a +0 long sword (weapon)
Armour
 b - a +0 scale mail (worn)
 c - a +0 buckler (worn)
Scrolls
 e - a scroll of torment {unknown}
 g - a scroll of blinking {unknown}
 h - 2 scrolls of identify {unknown}
 k - a scroll of enchant armour {unknown}
 l - 2 scrolls of immolation {unknown}
 n - a scroll of fear {unknown}
Potions
 d - a potion of might
 f - 2 potions of flight {unknown}
 i - a potion of heal wounds {unknown}
 j - a potion of curing {unknown}
 m - a potion of brilliance {unknown}
 o - a potion of magic {unknown}


   Skills:
 - Level 3.2 Fighting
 + Level 6.6 Long Blades
 - Level 3.6 Armour
 - Level 3.6 Shields


You had 5 spell levels left.
You didn't know any spells.
Your spell library was empty.

Dungeon Overview and Level Annotations

Branches:
Dungeon (3/15) Zot: 252

Altars:
Dithmenos
Makhleb

Shops:
D:1 ?

Annotations:
D:2 Natasha
D:3 Grinder


Innate Abilities, Weirdness & Mutations

You passively map a small area around you.
You are easily found by Zot.
You glow in the dark.
You regain HP and MP as you explore.


Message History

Grinder is moderately wounded.
You block Grinder's attack. Grinder gestures at you.
You suddenly lose the ability to move!
Grinder hits you!
* * * LOW HITPOINT WARNING * * *
You writhe in agony.
* * * LOW HITPOINT WARNING * * *
Grinder hits you.
* * * LOW HITPOINT WARNING * * *
You writhe in agony.
* * * LOW HITPOINT WARNING * * *
Grinder gestures at you. Pain shoots through your body!
* * * LOW HITPOINT WARNING * * *
Grinder blinks!
You can move again.
You closely miss Grinder.
Grinder is lightly wounded.
You block Grinder's attack.
You slash Grinder!
Grinder is moderately wounded.
Grinder blinks!
An orc comes into view. It is wielding a +0 flail.
The orc shouts!
You slash Grinder!
Grinder is heavily wounded.
You block Grinder's attack.
You slash Grinder!
Grinder is almost dead.
Grinder hits you.
* * * LOW HITPOINT WARNING * * *
You closely miss Grinder.
Grinder is almost dead.
Grinder gestures at you.
You struggle to resist.
You closely miss Grinder.
Grinder is almost dead.
Grinder hits you!
You die...

.......#.####.........#
#.....
.##.#.##.......######.####
#####. .##.#.##########
#.......# #. .....>#
#.##.#...# #. ......#
#########.##.....# #.
###.### #.......#.####...#
#. #.#
#.......#.#####.#######.
#.#
#.......#.......#.......
#<#
#......@5o####..........
#.# #.......#.#
##.#......<. #.#
#.......#.###.###.###.#.
#.#### #.......#......#.##
#.#. #....#
#############.#.## #.#.
####.# #.### #.#. #.# #.#
#.#. #.# ########.# #...
#.# #........# ###.


You could see Grinder and an orc.

Vanquished Creatures
  Natasha (twice) (D:2)
  Robin (D:2)
  A gnoll (D:1)
  2 adders (D:2)
  5 worms
  3 dart slugs
  3 ball pythons
  4 endoplasms
  A giant cockroach (D:2)
  11 goblins
  5 hobgoblins
  A jackal (D:2)
  3 quokkas
  3 bats
  4 kobolds
  5 rats
54 creatures vanquished.

Notes
Turn   | Place    | Note
-------+----------+-------------------------------------------
     0 | D:1      | lunkers the Meteoran Fighter began the quest for the Orb.
     0 | D:1      | Reached XP level 1. HP: 19/19 MP: 2/2
   164 | D:1      | Found Koent's Magic Scroll Emporium.
   168 | D:1      | Reached skill level 3 in Long Blades
   168 | D:1      | Reached XP level 2. HP: 23/26 MP: 3/3
   440 | D:1      | Reached XP level 3. HP: 22/31 MP: 4/4
   452 | D:1      | Found a faded altar of an unknown god.
   464 | D:1      | Reached skill level 4 in Long Blades
   477 | D:1      | Glimpsed the power of Zot.
   479 | D:1      | Prayed at the altar of an unknown god.
   479 | D:1      | Became a worshipper of Dithmenos the Shadowed
   479 | D:1      | Reached * piety under Dithmenos
   511 | D:2      | Identified the +1 helmet of Serendipity {Dex+2}
   511 | D:2      | Noticed Robin
   520 | D:2      | Killed Robin
   521 | D:2      | Reached XP level 4. HP: 38/38 MP: 5/5
   547 | D:2      | Reached skill level 5 in Long Blades
   548 | D:2      | Noticed Natasha
   563 | D:2      | Killed Natasha
   565 | D:2      | Reached XP level 5. HP: 36/45 MP: 6/6
   718 | D:2      | Noticed Natasha
   728 | D:2      | Killed Natasha
   729 | D:2      | Reached skill level 6 in Long Blades
   833 | D:2      | Reached ** piety under Dithmenos
  1053 | D:2      | Glimpsed the power of Zot.
  1064 | D:2      | Noticed Natasha
  1203 | D:3      | Reached XP level 6. HP: 49/51 MP: 7/7
  1273 | D:3      | Found a burning altar of Makhleb.
  1476 | D:3      | Noticed Grinder
  1485 | D:3      | Paralysed by Grinder for 5 turns
  1496 | D:3      | Slain by Grinder

Illustrated notes

Levels and vault maps discovered:
D:1:      kilobyte_arrival_exit_the_forest, layout_basic,
          ebering_ecumenical_altar_ruins, serial_shops, nicolae_shop_stone,
          minivault_14
D:2:      layout_basic, grunt_ministairs_1, minmay_strange_pillars, minmay_puff,
          uniq_robin, uniq_natasha
D:3:      minmay_roachtagon, layout_loops_cross, lemuel_tele_altar, uniq_grinder

Skill      XL: |  1  2  3  4  5 |
---------------+----------------+-----
Long Blades    | 3 4 5 6 |  6.6
Fighting       | |  3.2
Armour         | |  3.6
Shields        | |  3.6

Action                   |  1- 3 |  4- 6 || total
-------------------------+-------+-------++-------
Melee: Long sword        |    78 |    99 ||   177
       Unarmed           |       |     5 ||     5
  Use: Potion            |       |     1 ||     1
Armor: Scale mail        |    54 |    28 ||    82
       Skin              |       |     2 ||     2
Dodge: Dodged            |    41 |    28 ||    69
Block: Buckler           |    24 |    25 ||    49

Table legend: (Time is in decaauts)
 A = Elapsed time spent in this place.
 B = Non-inter-level travel time spent in this place.
 C = Inter-level travel time spent in this place.
 D = Time resting spent in this place.
 E = Time spent auto-exploring this place.
 F = Levels seen in this place.
 G = Mean time per level.
                   A        B        C        D        E       F      G
               +--------+--------+--------+--------+--------+-----+--------+
         Total |   1546 |   1520 |     26 |      0 |   1087 |   3 |  515.3 |
       Dungeon |   1546 |   1520 |     26 |      0 |   1087 |   3 |  515.3 |
               +--------+--------+--------+--------+--------+-----+--------+

Top non-repeatable levels by time:
     D:2: 594 daAuts
     D:1: 519 daAuts
     D:3: 432 daAuts
